 Seeded DCSS version 0.31-a0-1074-g0b22e4e0f1 (webtiles) character file.

Game seed: 16630335833703923360 (custom seed)

1467 timneilson the Shield-Bearer (level 8, -2/51 HPs)
             Began as a Gargoyle Fighter on Dec 2, 2023.
             Was a Priest of Qazlal.
             Slain by a wyvern (5 damage)
             ... on level 6 of the Dungeon.
             The game lasted 00:08:55 (4791 turns).

timneilson the Shield-Bearer (Gargoyle Fighter)     Turns: 4791, Time: 00:08:56

Health: -2/51      AC: 18    Str: 20    XL:     8   Next: 77%
Magic:  0/10       EV:  9    Int:  9    God:    Qazlal [***...]
Gold:   343        SH: 10    Dex: 15    Spells: 7/7 levels left

rFire   + . .        a - +0 long sword
rCold   + . .        c - +0 buckler
rNeg    + + .        v - +0 chain mail
rPois   ∞            t - +1 helmet
rElec   +            k - scarf "Xyemief" {+Inv, rElec rN+ Will++ Dex+4}
rCorr   +            (no gloves)
SInv    .            (no boots)
Will    ++...        h - amulet of guardian spirit Stlth
                     n - ring of flight
HPRegen 0.28/turn    (no ring)
MPRegen 0.12/turn

%: guardian spirit
@: resistant, flying
A: sickness immunity, AC +5, negative energy resistance 1, electricity
resistance, torment resistance 1, petrification resistance
a: Renounce Religion, Evoke Invisibility, Upheaval, Elemental Force


You were on level 6 of the Dungeon.
You worshipped Qazlal.
Qazlal was most pleased with you.
You visited 2 branches of the dungeon, and saw 7 of its levels.
You also visited: Sewer and Ossuary.

You collected 343 gold pieces.

Inventory:

Hand Weapons
 a - a +0 long sword (weapon)
Armour
 c - a +0 buckler (worn)
 i - a +0 plate armour
 k - the scarf "Xyemief" (worn) {+Inv, rElec rN+ Will++ Dex+4}
   (You acquired it on level 2 of the Dungeon)

   Dex+4:     It affects your dexterity (+4).
   rElec:     It insulates you from electricity.
   rN+:       It protects you from negative energy.
   Will++:    It greatly increases your willpower.
 t - a +1 helmet (worn)
 v - a +0 chain mail (worn)
Jewellery
 h - an amulet of guardian spirit (around neck)
 n - a ring of flight (left hand)
Wands
 s - a wand of polymorph (11)
 x - a wand of iceblast (12)
Scrolls
 f - 3 scrolls of teleportation
 o - a scroll of fog
 u - a scroll of torment
 w - a scroll of blinking
Potions
 b - 2 potions of ambrosia {unknown}
 d - 5 potions of might
 e - 3 potions of haste {unknown}
 g - 3 potions of mutation
 j - a potion of brilliance {unknown}
 l - 2 potions of magic {unknown}
 m - 3 potions of resistance
 p - 3 potions of curing
 q - 4 potions of heal wounds {unknown}
 r - 2 potions of lignification {unknown}
 A - a potion of invisibility {unknown}


   Skills:
 * Level 5.9 Fighting
 * Level 4.4 Long Blades
 * Level 5.9 Armour
 + Level 2.5 Dodging
 * Level 6.0 Shields
 + Level 2.9 Invocations
 + Level 2.3 Evocations


You had 7 spell levels left.
You didn't know any spells.
Your spell library contained the following spells:

 Spells                   Type           Power      Damage    Failure   Level
 Shock                    Conj/Air       0%         1d3       98%         1
 Blink                    Tloc           0%         N/A       99%         2
 Lesser Beckoning         Tloc           0%         N/A       99%         2
 Momentum Strike          Conj/Tloc      0%         3d8       99%         2
 Swiftness                Air            0%         N/A       100%        3
 Airstrike                Air            0%         2d(0-16)  100%        4


Dungeon Overview and Level Annotations

Branches:
Dungeon (6/15)             Temple (1/1) D:4           Sewer (visited)
Ossuary (visited)

Altars:
Ashenzari
Cheibriados
Dithmenos
Elyvilon
Fedhas
Gozag
Hepliaklqana
Kikubaaqudgha
Makhleb
Nemelex Xobeh
Okawaru
Qazlal
Ru
Sif Muna
Trog
Uskayaw
Vehumet
Wu Jian
Xom
Yredelemnul
Zin
The Shining One


Innate Abilities, Weirdness & Mutations

You are immune to sickness and miasma.
Your stone body is resilient. (AC +5)
You are immune to poison.
You resist negative energy. (rN+)
You are resistant to electric shocks. (rElec)
You are resistant to unholy torment.
You are immune to petrification.


Message History

The wyvern hisses angrily.
You barely miss the wyvern. The wyvern bites you!
The wyvern bites you but does no damage.
You barely miss the wyvern. You block the wyvern's attack. x2
You barely miss the wyvern. The wyvern closely misses you.
You barely miss the wyvern. The wyvern barely misses you. The wyvern bites you.
You hit the wyvern.
The wyvern is moderately wounded.
You block the wyvern's attack. The wyvern bites you!
You closely miss the wyvern.
The wyvern is moderately wounded.
You block the wyvern's attack. The wyvern barely misses you.
You barely miss the wyvern.
The wyvern is moderately wounded.
You block the wyvern's attack. The wyvern barely misses you.
You hit the wyvern but do no damage.
The wyvern is lightly wounded.
The wyvern bites you!
You closely miss the wyvern.
The wyvern is lightly wounded.
You block the wyvern's attack. The wyvern bites you!
You hit the wyvern.
The wyvern is moderately wounded.
The wyvern bites you but does no damage.
You block the wyvern's attack.
You hit the wyvern but do no damage.
The wyvern is moderately wounded.
The wyvern barely misses you. x2
You hit the wyvern.
The wyvern is moderately wounded.
You block the wyvern's attack. The wyvern bites you!
* * * LOW HITPOINT WARNING * * *
You hit the wyvern but do no damage.
The wyvern is moderately wounded.
The wyvern closely misses you. The wyvern bites you!
* * * LOW HITPOINT WARNING * * *
It was a potion of resistance.
You feel protected. The wyvern bites you.
You die...

.#####.##...........#
.......##.####..#####
....#####.# #..#
##.## #.# #..# #.#
#.####..# #†#
#.......# #.#
#..###.## ##.## #..#
#.#########
....#####.<#
#..@l<.....
#..........#
###########
#...#####.##
#.#######.#
#.........#
###########


You could see a wyvern.

Vanquished Creatures
  An ice beast (D:6)
  A black bear (D:5)
  2 ogres (D:6)
  2 phantoms
  An elf zombie (Ossuary)
  A bullfrog (D:6)
  A scorpion (D:5)
  A howler monkey (D:3)
  A centaur zombie (Ossuary)
  4 hounds
  4 human zombies (Ossuary)
  An orc priest (D:5)
  A jelly (D:6)
  5 orc wizards
  2 mummies (Ossuary)
  Robin (D:3)
  3 gnolls
  6 adders
  2 river rats
  2 ufetubi (D:5)
  5 worms
  3 dart slugs
  9 orcs
  4 endoplasms
  3 giant cockroaches
  13 goblins
  9 hobgoblins
  3 jackals (D:3)
  17 kobolds
  2 quokkas
  14 ball pythons
  A bat (D:1)
  4 frilled lizards
  2 goblin zombies (Ossuary)
  11 hobgoblin zombies (Ossuary)
  A jackal zombie (Ossuary)
  8 kobold zombies (Ossuary)
  6 orc zombies (Ossuary)
  12 rats
  2 rat zombies (Ossuary)
171 creatures vanquished.

Notes
Turn   | Place    | Note
-------+----------+-------------------------------------------
     0 | D:1      | timneilson the Gargoyle Fighter began the quest for the
                  | Orb.
     0 | D:1      | Reached XP level 1. HP: 14/14 MP: 1/1
   210 | D:1      | Reached XP level 2. HP: 19/19 MP: 2/2
   504 | D:1      | Reached XP level 3. HP: 22/23 MP: 3/3
  1073 | D:2      | Found a stormy altar of Qazlal.
  1148 | D:2      | Became a worshipper of Qazlal Stormbringer
  1164 | D:2      | Identified a scroll of acquirement
  1164 | D:2      | Acquired the scarf "Xyemief" {+Inv, rElec rN+ Will++ Dex+4}
  1674 | D:3      | Reached XP level 4. HP: 29/29 MP: 4/4
  1676 | D:3      | Found a blossoming altar of Fedhas.
  2153 | D:4      | Found a staircase to the Ecumenical Temple.
  2172 | D:4      | Found a sand-covered staircase.
  2176 | Ossuary  | Entered an ossuary
  2212 | Ossuary  | Reached * piety under Qazlal
  2215 | Ossuary  | Reached skill level 4 in Shields
  2267 | Ossuary  | Reached XP level 5. HP: 17/33 MP: 3/5
  2293 | Ossuary  | Reached skill level 1 in Dodging
  2308 | Ossuary  | Reached skill level 1 in Invocations
  2308 | Ossuary  | Reached XP level 6. HP: 17/38 MP: 2/6
  2535 | Ossuary  | Reached skill level 1 in Evocations
  2725 | Ossuary  | Reached ** piety under Qazlal
  2880 | D:4      | Noticed Robin
  2926 | D:3      | Killed Robin
  2927 | D:3      | Reached XP level 7. HP: 39/44 MP: 6/8
  3091 | D:4      | Found a shadowy altar of Dithmenos.
  3180 | D:4      | Found a sacrificial altar of Ru.
  3183 | D:4      | Found a broken altar of Ashenzari.
  3186 | D:4      | Found a stormy altar of Qazlal.
  3189 | D:4      | Found a shimmering altar of Xom.
  3415 | Temple   | Entered the Ecumenical Temple
  3435 | D:5      | Entered Level 5 of the Dungeon
  3530 | D:5      | Reached skill level 5 in Fighting
  3530 | D:5      | Reached skill level 5 in Armour
  3530 | D:5      | Reached skill level 5 in Shields
  3865 | D:5      | Reached *** piety under Qazlal
  3866 | D:5      | Reached XP level 8. HP: 46/49 MP: 7/9
  4145 | D:6      | Found a glowing drain.
  4152 | Sewer    | Entered a sewer
  4724 | D:6      | Reached skill level 6 in Shields
  4775 | D:6      | Noticed a wyvern
  4791 | D:6      | Slain by a wyvern

Illustrated notes

Levels and vault maps discovered:
D:1:      lightli_arrival_lavapool, layout_loops_cross, minmay_hedge_maze,
          minmay_indecisive_spiral
D:2:      layout_loops_ring, basic_altar, minivault_26,
          kennysheep_generic_room_9
D:3:      layout_loops_ring, overflow_temple_1_default
D:4:      layout_cave_pools, nicolae_dithmenos_the_darkroom,
          grunt_temple_overflow_cloverleaf, minmay_temple_entry_large_hall,
          nicolae_ossuary_entry_false_entrances, uniq_robin
D:5:      layout_cave_pools, minmay_a_box_with_orc_wizards_in_it
D:6:      layout_loops_ring, portal_sewer_entry_b
Temple:   nicolae_temple_slightly_damp_pantheon

Skill      XL: |  1  2  3  4  5  6  7  8 |
---------------+-------------------------+-----
Long Blades    | 2 3 4 |  4.4
Shields        | 4 5 6 |  6.0
Fighting       | 4 5 |  5.9
Armour         | 4 5 |  5.9
Dodging        | 1 2 |  2.5
Invocations    | 1 2 |  2.9
Evocations     | 1 2 |  2.3

Action                     |  1- 3 |  4- 6 |  7- 9 || total
---------------------------+-------+-------+-------++-------
  Melee: Long sword        |   126 |   247 |   297 ||   670
    Use: Scroll            |     6 |     3 |     4 ||    13
         Potion            |       |     1 |     1 ||     2
 Armour: Scale mail        |    80 |   146 |    53 ||   279
         Chain mail        |       |       |   157 ||   157
  Dodge: Dodged            |    49 |    97 |   119 ||   265
  Block: Buckler           |    29 |    80 |   148 ||   257

Table legend: (Time is in decaauts)
 A = Elapsed time spent in this place.
 B = Non-inter-level travel time spent in this place.
 C = Inter-level travel time spent in this place.
 D = Time resting spent in this place.
 E = Time spent auto-exploring this place.
 F = Levels seen in this place.
 G = Mean time per level.
                   A        B        C        D        E       F      G
               +--------+--------+--------+--------+--------+-----+--------+
         Total |   4982 |   4851 |    131 |     62 |   3265 |   9 |  553.6 |
       Dungeon |   3986 |   3855 |    131 |     35 |   2772 |   6 |  664.3 |
        Temple |      1 |      1 |      0 |      0 |      0 |   1 |    1.0 |
         Sewer |    360 |    360 |      0 |      0 |    206 |   1 |  360.0 |
       Ossuary |    633 |    633 |      0 |     27 |    287 |   1 |  633.0 |
               +--------+--------+--------+--------+--------+-----+--------+

Top non-repeatable levels by time:
     D:4: 761 daAuts
     D:1: 755 daAuts
     D:2: 751 daAuts
     D:3: 734 daAuts
 Ossuary: 633 daAuts
     D:5: 557 daAuts
     D:6: 426 daAuts
   Sewer: 360 daAuts
  Temple: 1 daAuts
